 Dungeon Crawl Stone Soup version 0.30-a0-170-g85af917532 (webtiles) character file.

Game seed: 13379656579691577224

214 qw the Chopper (level 5, 0/33 HPs)
             Began as a Gargoyle Fighter on Sept 30, 2022.
             Slain by Blork the orc
             ... wielding a +0 war axe
              (1 damage)
             ... while paralysed by Grinder
             ... on level 4 of the Dungeon.
             The game lasted 00:01:10 (2839 turns).

qw the Chopper (Gargoyle Fighter)                   Turns: 2839, Time: 00:01:10

Health: 0/33       AC: 12    Str: 22    XL:     5   Next: 91%
Magic:  5/5        EV:  2    Int:  8    God:
Gold:   175        SH:  0    Dex:  9    Spells: 4/4 levels left

rFire   . . .      SeeInvis .    h - +2 war axe (vamp)
rCold   . . .      Faith    .    c - +0 buckler
rNeg    + . .      Spirit   .    b - +0 scale mail
rPois   inf        Reflect  .    (no helmet)
rElec   +          Harm     .    (no cloak)
rCorr   .          Rampage  .    i - +0 pair of gloves
Will    .....                    (no boots)
Stlth   ..........               (no amulet)
HPRegen 0.11/turn                a - +4 ring of evasion
MPRegen 0.09/turn                (no ring)

@: paralysed
A: sickness immunity, AC +4, negative energy resistance 1, electricity
resistance, torment resistance 1, petrification resistance
a: no special abilities


You were on level 4 of the Dungeon.
You visited 1 branch of the dungeon, and saw 4 of its levels.

You collected 175 gold pieces.


Innate Abilities, Weirdness & Mutations

You are immune to sickness and miasma.
Your stone body is resilient. (AC +4)
You are immune to poison.
You resist negative energy. (rN+)
You are resistant to electric shocks. (rElec)
You are resistant to unholy torment.
You are immune to petrification.


   Skills:
 + Level 3.9 Fighting
 - Level 5.1 Axes
 - Level 3.2 Armour
 - Level 3.2 Shields


You had 4 spell levels left.
You didn't know any spells.
Your spell library was empty.

Inventory:

Hand Weapons
 h - a +2 vampiric war axe (weapon)
 j - a +0 whip
Armour
 b - a +0 scale mail (worn)
 c - a +0 buckler (worn)
 i - a +0 pair of gloves (worn)
Jewellery
 a - a +4 ring of evasion (left hand)
Scrolls
 f - a scroll of identify
 m - 2 scrolls of teleportation
Potions
 d - 2 potions of might
 g - a potion of haste
 k - a potion of heal wounds
 l - a potion of degeneration {unknown}
 n - a potion of magic {unknown}

Dungeon Overview and Level Annotations

Branches:
Dungeon (4/15)
 Temple: D:4-7

Altars:

Annotations:
D:1 1 transporter
D:4 Blork the orc, Grinder


Message History

Blork the orc comes into view.
He is wielding a +0 war axe and wearing a +2 robe of willpower.
The adder bites you but does no damage. The adder bites you but does no damage.
The adder bites you. Grinder hits you but does no damage.
Blork the orc screams, "I don't like you!"
The adder bites you but does no damage.
You can move again.
You hit the adder.
You feel better.
You kill the adder!
You hit Grinder. Grinder hits you.
You writhe in agony.
Blork the orc casts a spell.
Blork the orc seems to speed up.
You block Grinder's attack.
You slash Grinder!
Grinder is moderately wounded.
Grinder gestures at you.
You shrug off the repeated paralysis!
You hit Grinder but do no damage.
Grinder is moderately wounded.
You hit the orc.
You kill the orc!
You block Grinder's attack. Blork the orc misses you.
You barely miss Grinder.
Grinder is moderately wounded.
You barely miss Blork the orc. Grinder says, "Are you a fish?"
Grinder gestures at you.
You suddenly lose the ability to move!
Blork the orc looks angry.
Blork the orc casts a spell at you. The puff of flame hits you.
Blork the orc hits you with a +0 war axe.
A hobgoblin comes into view.
Grinder barely misses you.
Blork the orc hits you with a +0 war axe!
The hobgoblin shouts!
Grinder hits you!
You writhe in agony.
Blork the orc hits you with a +0 war axe.
Blork the orc hits you with a +0 war axe.
You die...

. #...................#
......##.##.##.##.#...#
.....###############..#
....## #...# #### ##..#
#..## # ####.#
##.##.##.#..#
.g....5@....#
..##.>o.##### #...##
#.... .....# ......
...### ...


You could see Grinder, Blork the orc (fast) and a hobgoblin.

Vanquished Creatures
  A hound (D:4)
  Jessica (D:2)
  Natasha (D:4)
  Terence (D:3)
  2 adders
  A worm (D:2)
  2 dart slugs (D:1)
  6 orcs
  8 ball pythons
  2 bats (D:1)
  7 endoplasms
  A giant cockroach (D:2)
  11 hobgoblins
  2 jackals (D:1)
  8 kobolds
  3 quokkas
  4 frilled lizards
  7 goblins
  7 rats
75 creatures vanquished.

Vanquished Creatures (others)
  2 plants (D:3)
2 creatures vanquished.

Grand Total: 77 creatures vanquished

Notes
Turn   | Place    | Note
-------+----------+-------------------------------------------
     0 | D:1      | qw the Gargoyle Fighter began the quest for the Orb.
     0 | D:1      | Reached XP level 1. HP: 14/14 MP: 1/1
     0 | D:1      | 0 ||| qw: Version: 0.2-a-12-gaebbb33
     0 | D:1      | 0 ||| qw: Game counter: 1521
     0 | D:1      | 0 ||| qw: Always use a shield: true
     0 | D:1      | 0 ||| qw: God list: Okawaru
     0 | D:1      | 0 ||| qw: Allow faded altars: false
     0 | D:1      | 0 ||| qw: Do Orc after D:15 true
     0 | D:1      | 0 ||| qw: Do second Lair branch before Depths: true
     0 | D:1      | 0 ||| qw: Lair rune preference: random
     0 | D:1      | 0 ||| qw: Plans: Normal, Zot:1-4, God:TSO, Crypt, Tomb,
                  | Pan, Slime:5, Hells, Abyss, Orb
     0 | D:1      | 0 ||| PLANNING D:1-11
    72 | D:1      | Reached skill level 2 in Axes
   170 | D:1      | Reached XP level 2. HP: 12/19 MP: 2/2
   453 | D:1      | 453 ||| Stepping ~*~*~tactically~*~*~ (stealth).
   490 | D:1      | Reached skill level 3 in Axes
   574 | D:1      | Reached XP level 3. HP: 23/23 MP: 3/3
  1204 | D:1      | 1204 ||| UPGRADING to +0 pair of gloves.
  1209 | D:1      | 1209 ||| READING scroll labelled ETUYNIE RAFF.
  1210 | D:1      | 1210 ||| READING 2 scrolls labelled GEAGGI TOTE.
  1211 | D:1      | 1211 ||| READING scroll of brand weapon.
  1211 | D:1      | 1211 ||| BRANDING +0 vorpal war axe.
  1212 | D:1      | 1212 ||| READING 2 scrolls labelled LUHAEF POVETIROKUA.
  1213 | D:1      | 1213 ||| READING scroll of enchant weapon.
  1213 | D:1      | 1213 ||| ENCHANTING +0 vampiric war axe.
  1214 | D:1      | 1214 ||| READING scroll labelled FYZIGRU WEOBRY.
  1215 | D:1      | 1215 ||| DRINKING 2 black potions.
  1315 | D:2      | 1315 ||| Stepping ~*~*~tactically~*~*~ (stealth).
  1716 | D:2      | Reached XP level 4. HP: 28/28 MP: 4/4
  1731 | D:2      | 1731 ||| READING scroll of enchant weapon.
  1731 | D:2      | 1731 ||| ENCHANTING +1 vampiric war axe.
  1746 | D:2      | You fall into a shaft and drop 1 floor!
  1766 | D:3      | 1766 ||| FLEEEEING.
  1767 | D:3      | 1767 ||| FLEEEEING.
  1768 | D:3      | 1768 ||| FLEEEEING.
  1771 | D:3      | 1771 ||| FLEEEEING.
  1771 | D:3      | Noticed Terence
  1772 | D:3      | 1772 ||| STAIRDANCE
  2005 | D:2      | Noticed Jessica
  2012 | D:2      | Killed Jessica
  2013 | D:2      | Reached skill level 4 in Axes
  2297 | D:2      | 2297 ||| DROPPING orb of guile.
  2298 | D:2      | 2298 ||| READING 2 scrolls labelled SARORE PANWAP.
  2299 | D:2      | 2299 ||| READING scroll labelled ZIQIF REIRUUFO.
  2300 | D:2      | 2300 ||| READING 3 scrolls labelled LICVUF DOTEL.
  2305 | D:2      | 2305 ||| DROPPING scroll of magic mapping.
  2318 | D:3      | 2318 ||| STAIRDANCE
  2327 | D:3      | Killed Terence
  2328 | D:3      | Reached XP level 5. HP: 32/32 MP: 5/5
  2394 | D:3      | 2394 ||| Stepping ~*~*~tactically~*~*~ (hiding).
  2406 | D:3      | 2406 ||| Stepping ~*~*~tactically~*~*~ (stealth).
  2452 | D:3      | Identified the +3 dagger "Pendulum" {holy, rN+ Will+ Dex+4}
  2457 | D:3      | Found a faded altar of an unknown god.
  2718 | D:3      | 2718 ||| UPGRADING to +4 ring of evasion.
  2719 | D:3      | 2719 ||| READING scroll labelled KIUGIUDDOPS.
  2720 | D:3      | 2720 ||| READING 3 scrolls of identify.
  2720 | D:3      | 2720 ||| IDENTIFYING puce potion
  2721 | D:3      | 2721 ||| READING 2 scrolls of identify.
  2721 | D:3      | 2721 ||| IDENTIFYING glowing sapphire potion
  2722 | D:3      | 2722 ||| DROPPING potion of berserk rage.
  2752 | D:4      | Noticed Natasha
  2755 | D:4      | Reached skill level 5 in Axes
  2758 | D:4      | 2758 ||| Stepping ~*~*~tactically~*~*~ (stealth).
  2760 | D:4      | 2760 ||| Stepping ~*~*~tactically~*~*~ (hiding).
  2761 | D:4      | 2761 ||| Stepping ~*~*~tactically~*~*~ (hiding).
  2768 | D:4      | Killed Natasha
  2826 | D:4      | Noticed Grinder
  2829 | D:4      | Paralysed by Grinder for 4 turns
  2830 | D:4      | Noticed Blork the orc
  2836 | D:4      | Paralysed by Grinder for 4 turns
  2838 | D:4      | HP: 8/33 [Grinder (7)]
  2838 | D:4      | HP: 1/33 [Blork the orc/+0 war axe (5)]
  2839 | D:4      | Slain by Blork the orc

Levels and vault maps discovered:
D:1:      spicycebolla_arrival_risky_transporter, layout_basic
D:2:      layout_basic, minivault_14, guppyfry_early_orc_mine, uniq_jessica
D:3:      layout_rooms, shapermc_ecumenical_altar_mp_ritualfount, serial_rivers,
          chequers_serial_rivers_small_a, chequers_serial_rivers_micro_c,
          chequers_serial_rivers_micro_e, chequers_serial_rivers_micro_e,
          chequers_serial_rivers_room_b, uniq_terence
D:4:      layout_cave_pools, lemuel_coloured_pillars_altar, temple_fountains,
          minmay_manual_macuahuitl, uniq_grinder, uniq_duvessa,
          uniq_blork_the_orc, uniq_natasha

Skill      XL: |  1  2  3  4  5 |
---------------+----------------+-----
Axes           | 2 3 4 5 |  5.1
Fighting       | |  3.9
Armour         | |  3.2
Shields        | |  3.2

Action                   |  1- 3 |  4- 6 || total
-------------------------+-------+-------++-------
Melee: War axe           |   127 |    70 ||   197
Throw: Boomerang         |       |     3 ||     3
  Use: Scroll            |     6 |     7 ||    13
       Potion            |     1 |       ||     1
Armor: Scale mail        |    57 |    27 ||    84
Dodge: Dodged            |    53 |    26 ||    79
Block: Buckler           |    18 |    18 ||    36

Table legend:
 A = Non-vault XP
 B = Vault XP
 C = Vault XP percentage of total XP
 D = Non-vault monster count
 E = Vault monster count
 F = Vault count percentage of total count
                 A         B        C        D         E       F
            +---------+---------+-------+---------+---------+-------
      Total |     180 |     126 |  41.2 |      65 |      10 |  13.3
            +---------+---------+-------+---------+---------+-------
        D:1 |      47 |       0 |   0.0 |      25 |       0 |   0.0
        D:2 |      45 |      54 |  54.5 |      18 |       8 |  30.8
        D:3 |      28 |      36 |  56.2 |      17 |       1 |   5.6
        D:4 |      60 |      36 |  37.5 |       5 |       1 |  16.7
            +---------+---------+-------+---------+---------+-------
